Map: Triton LE

Players

Djorn

  • Race: Protoss Protoss
  • Spawn Location: 11:00

Currahee - Winner!

  • Race: Zerg Zerg
  • League: Silver
  • Spawn Location: 5:00

VOD

Have the link to the VOD?

Description

Time

  • Played on: Aug. 23, 2019, 11 p.m.
  • Length: 10:35
Show
View Real Time Build Order
Export as new Build Order

Djorn Protoss 

Build Orders:  

Get SALT Encoding   

  12  0:02  Probe  
  14  0:14  Probe  
  14  0:19  Pylon  
  14  0:25  Probe  
  15  0:33  Probe  
  15  0:41  Gateway, Probe  
  17  0:53  Probe  
  17  0:54  Assimilator  
  18  1:05  Probe  
  19  1:17  Probe  
  20  1:29  Probe  
  21  1:38  Cybernetics Core  
  21  1:46  Pylon  
  21  2:06  Adept  
  23  2:23  Nexus  
  22  2:30  Pylon  
  22  2:56  Gateway  
  22  3:39  Forge, Probe  
  22  3:47  Probe  
  22  3:48  Warp Gate  
  23  3:51  Probe  
  25  3:56  Probe, Assimilator  
  26  4:03  Probe  
  26  4:05  Twilight Council  
  26  4:09  Probe  
  28  4:15  Probe  
  29  4:17  Robotics Facility  
  29  4:21  Probe  
  30  4:28  Probe  
  30  4:29  Pylon  
  31  4:36  Shield Battery  
  31  5:00  Probe  
  31  5:04  Probe  
  33  5:08  Immortal  
  33  5:13  Probe  
  38  5:16  Probe  
  39  5:25  Probe, Assimilator  
  39  5:28  Probe, Assimilator  
  41  5:39  Zealot x2  
  41  5:41  Probe  
  46  5:46  Charge  
  46  5:53  Probe  
  46  5:56  Pylon  
  47  6:03  Forge  
  47  6:05  Forge, Probe  
  47  6:07  Observer  
  49  6:21  Zealot x2  
  53  6:36  Immortal  
  53  6:38  Gateway  
  53  6:40  Gateway  
  53  6:42  Gateway, Zealot x2  
  53  6:45  Gateway  
  61  7:03  Protoss Ground Weapons Level 1  
  61  7:05  Protoss Ground Armor Level 1  
  61  7:09  Adept x2  
  61  7:11  Warp Prism  
  67  7:26  Resonating Glaives  
  67  7:29  Probe  
  68  7:34  Probe  
  69  7:41  Probe  
  70  7:53  Pylon  
  70  7:56  Pylon  
  70  7:59  Pylon  
  70  8:02  Pylon  
  70  8:05  Pylon  
  70  8:09  Pylon  
  70  8:11  Warp Prism, Probe  
  70  8:12  Probe  
  74  8:13  Pylon  
  74  8:21  Pylon  
  74  8:24  Pylon, Probe  
  74  8:32  Zealot x3  
  80  8:56  Stalker  
  82  9:11  Zealot x2  
  82  9:12  Zealot  
  82  9:15  Stalker x2  
  92  9:28  Zealot  
  92  9:29  Observer  
  95  9:49  Stalker x3  
  101  9:53  Adept x2  
  101  9:54  Adept  
  95  10:26  Zealot  
Show
View Real Time Build Order
Export as new Build Order

Currahee Zerg - Winner!

Build Orders: Hatch First, Roach Hydra 

Get SALT Encoding   

  12  0:01  Drone  
  13  0:13  Overlord  
  13  0:18  Drone  
  14  0:31  Drone x2  
  14  0:35  Drone  
  17  0:54  Hatchery  
  17  0:55  Drone  
  17  0:59  Extractor  
  17  1:00  Drone  
  17  1:09  Drone  
  18  1:18  Spawning Pool  
  18  1:25  Drone  
  18  1:29  Drone  
  19  1:40  Drone  
  20  1:51  Drone  
  21  2:00  Overlord  
  21  2:06  Queen  
  21  2:08  Queen  
  23  2:09  Drone  
  26  2:16  Zergling x2  
  27  2:24  Drone  
  27  2:25  Drone  
  29  2:31  Metabolic Boost  
  29  2:33  Drone x2  
  31  2:42  Drone  
  31  2:43  Overlord  
  32  2:47  Queen  
  34  2:59  Drone x2  
  34  3:01  Overlord  
  35  3:07  Zergling x2  
  35  3:08  Queen  
  38  3:15  Drone  
  38  3:18  Overlord  
  39  3:24  Drone x4  
  39  3:26  Zergling x2  
  39  3:27  Zergling x2  
  45  3:31  Overlord  
  45  3:42  Drone x2  
  47  3:51  Drone x2  
  50  4:02  Drone  
  50  4:03  Drone  
  50  4:08  Roach Warren  
  49  4:21  Extractor  
  49  4:22  Extractor, Overlord, Zergling x8  
  49  4:24  Zergling x2  
  52  4:27  Extractor  
  52  4:29  Evolution Chamber  
  52  4:31  Evolution Chamber, Drone  
  49  4:32  Drone  
  51  4:54  Drone x3  
  51  4:55  Roach x3  
  51  4:56  Zerg Missile Weapons Level 1, Roach  
  51  4:57  Zerg Ground Armor Level 1  
  62  5:02  Overlord  
  62  5:11  Spore Crawler  
  62  5:13  Spore Crawler  
  62  5:14  Queen  
  60  5:15  Drone x2  
  60  5:16  Drone x2  
  66  5:24  Roach x2  
  66  5:25  Roach x2  
  74  5:33  Hatchery, Roach x2  
  77  5:41  Drone x2  
  79  5:48  Spore Crawler  
  79  5:49  Spore Crawler  
  77  5:54  Lair  
  77  5:59  Roach x2  
  77  6:01  Overlord  
  77  6:02  Overlord  
  81  6:35  Roach x5  
  91  6:40  Roach  
  91  6:41  Overlord  
  91  6:44  Roach x2  
  97  6:50  Drone x3  
  100  6:55  Zerg Missile Weapons Level 2  
  100  6:56  Zerg Ground Armor Level 2  
  100  6:57  Glial Reconstitution  
  100  7:03  Hydralisk Den  
  99  7:08  Drone  
  99  7:09  Drone x4, Queen  
  99  7:11  Drone x2  
  99  7:12  Roach  
  110  7:33  Roach x2  
  110  7:35  Overlord x2  
  114  7:45  Grooved Spines  
  114  8:01  Hydralisk x7  
  114  8:02  Hydralisk  
  114  8:03  Overlord x4  
  130  8:14  Infestation Pit  
  129  8:32  Drone x4  
  133  8:34  Extractor  
  133  8:35  Drone x4, Hydralisk  
  133  8:36  Extractor  
  133  8:37  Overlord  
  137  8:43  Drone x2  
  137  8:44  Drone x2  
  137  8:45  Overlord x2, Hydralisk x2  
  137  8:46  Hydralisk  
  137  8:47  Roach  
  149  8:53  Hive  
  149  8:56  Muscular Augments  
  149  9:15  Hydralisk x6  
  149  9:16  Hydralisk x2  
  163  9:17  Drone  
  163  9:18  Drone  
  163  9:20  Overlord  
  167  9:40  Hydralisk x4  
  167  9:41  Overlord  
  175  9:51  Hatchery  
  174  10:12  Ultralisk Cavern  
Tags
 
Composition
Roach Hydra
League
Silver
Matchup
PvZ
Replay Pack
sc2replays
Spawn Locations
Cross Positions
Add a new tag
Caveats
  • Supply blocks, unpowered buildings, or Contaminate may cause inaccurate times.
  • Supply counts are checked every 10 seconds.